 Dungeon Crawl Stone Soup version 0.21.1-1-g345015f (webtiles) character file.

1577 letownia2 the Martial Artist (level 8, -5/60 HPs)
             Began as a Merfolk Transmuter on Mar 15, 2018.
             Was a Follower of Cheibriados.
             Slain by a basilisk (11 damage)
             ... on level 8 of the Dungeon.
             The game lasted 00:11:22 (1686 turns).

letownia2 the Martial Artist (Merfolk Transmuter)   Turns: 1686, Time: 00:11:22

Health: -5/60      AC:  4    Str: 23    XL:     8   Next: 91%
Magic:  14/20      EV:  7    Int: 14    God:    Cheibriados [*.....]
Gold:   136        SH:  0    Dex: 17    Spells: 1/11 levels left

rFire    . . .     SeeInvis .     - Unarmed
rCold    . . .     Gourm    .   (no shield)
rNeg     . . .     Faith    .   p - +0 leather armour
rPois    .         Spirit   .   (no helmet)
rElec    .         Reflect  .   (no cloak)
rCorr    .         Harm     .   (no gloves)
MR       .....                  r - +0 pair of boots
Stlth    +.........             (no amulet)
HPRegen  0.20/turn              h - ring of magical power
MPRegen  0.17/turn              y - +4 ring of strength

@: mighty, petrifying (expiring), very slightly contaminated, hasted, very slow
A: change form in water, swift swim, stealthy swim
a: Bend Time, Renounce Religion


You were on level 8 of the Dungeon.
You worshipped Cheibriados.
Cheibriados was aware of your devotion.
You were hungry.

You visited 2 branches of the dungeon, and saw 9 of its levels.

You collected 136 gold pieces.

Inventory:

Missiles
 a - 40 arrows
 t - 3 steel javelins (quivered)
 v - 4 tomahawks
Armour
 b - a +0 robe
 p - a +0 leather armour (worn)
 q - a +0 buckler
 r - a +0 pair of boots (worn)
Jewellery
 h - a ring of magical power (left hand)
 y - a +4 ring of strength (right hand)
Wands
 u - a wand of disintegration (7)
 x - a wand of flame (34)
Scrolls
 e - a scroll of random uselessness
 g - a scroll of amnesia
 i - a scroll of enchant weapon {unknown}
 j - a scroll of immolation {unknown}
 k - 2 scrolls of teleportation {unknown}
 m - 2 scrolls of remove curse
 s - a scroll of fog {unknown}
Potions
 o - a potion of haste
 z - a potion of flight
Books
 c - a book of Changes

   Spells                             Type                      Level
   a - Beastly Appendage              Transmutation                1
   b - Sticks to Snakes               Transmutation                2
   c - Spider Form                    Transmutation/Poison         3
   d - Ice Form                       Ice/Transmutation            4
   e - Blade Hands                    Transmutation                5
Comestibles
 d - 7 rations


   Skills:
 - Level 4.2 Fighting
 - Level 4.1 Dodging
 + Level 10.0 Unarmed Combat
 - Level 2.0 Spellcasting
 - Level 5.2 Transmutations
 - Level 2.8 Ice Magic
 - Level 1.2 Poison Magic


You had one spell level left.
You knew the following spells:

 Your Spells              Type           Power        Failure   Level  Hunger
a - Beastly Appendage     Tmut           ###...       3%          1    ##.....
i - Ice Form              Ice/Tmut       ##......     45%         4    #####..
l - Sticks to Snakes      Tmut           ###.....     4%          2    ###....
p - Spider Form           Tmut/Pois      ##........   22%         3    ####...


Dungeon Overview and Level Annotations

Branches:
Dungeon (8/15)             Temple (1/1) D:5
   Lair: D:8-11

Altars:
Ashenzari
Cheibriados
Dithmenos
Elyvilon
Kikubaaqudgha
Nemelex Xobeh
Ru
Trog
Uskayaw
Zin
The Shining One

Annotations:
D:3 Grinder


Message History

Unknown command.
Unknown command.
Unknown command.
As you read the scroll labeled IXERPH GE WADO, it crumbles to dust.
You feel as if something is helping you.
It was a scroll of remove curse.
The basilisk bites you!
* * * LOW HITPOINT WARNING * * *
Your limbs are stiffening.
Unknown command.
As you read the scroll labeled ZAUGHUIPPY, it crumbles to dust.
Your brain hurts!
It was a scroll of random uselessness.
The basilisk bites you.
* * * LOW HITPOINT WARNING * * *
Okay, then.
Okay, then.
As you read the scroll labeled VUINOA VIOPHYDD, it crumbles to dust.
It is a scroll of amnesia.
Okay, then.
The basilisk bites you!
You die...

.P. ... ... ...#####
.... PP....##..# # P
#........# .. ..P
#.......P##.._
...P.##.............
.......<...###..P...
.......##.rl@.....#
....... #######..PP#
..?.... ..P .......
. ###.... #....
#....


You could see a basilisk and a porcupine.

Vanquished Creatures
  4 yaks (D:8)
  A hungry ghost (D:7)
  A porcupine (D:8)
  An ogre (D:7)
  A centaur (D:5)
  A crocodile (D:8)
  3 killer bees (D:7)
  A howler monkey (D:4)
  2 hounds (D:4)
  3 orc wizards
  3 iguanas
  A worker ant (D:6)
  A worker ant zombie (D:5)
  4 adders
  2 shadow imps
  2 adder zombies
  An adder skeleton (D:4)
  A leopard gecko (D:4)
  8 orcs
  2 bats
  3 giant cockroaches
  2 goblins
  3 hobgoblins
  6 kobolds
  3 quokkas
  A ball python skeleton (D:4)
  4 frilled lizards
  6 rats
71 creatures vanquished.

Vanquished Creatures (collateral kills)
  A worker ant (D:4)
1 creature vanquished.

Grand Total: 72 creatures vanquished

Notes
Turn   | Place    | Note
-------+----------+-------------------------------------------
     0 | D:1      | letownia2 the Merfolk Transmuter began the quest for the Orb.
     0 | D:1      | Reached XP level 1. HP: 15/15 MP: 3/3
    87 | D:2      | Reached XP level 2. HP: 7/21 MP: 3/5
   143 | D:2      | Reached skill level 4 in Unarmed Combat
   155 | D:2      | Learned a level 2 spell: Sticks to Snakes
   253 | D:2      | Found a faded altar of an unknown god.
   290 | D:3      | Reached XP level 3. HP: 13/27 MP: 4/6
   295 | D:3      | Learned a level 3 spell: Spider Form
   310 | D:3      | Found a shadowy altar of Dithmenos.
   328 | D:3      | Reached skill level 1 in Poison Magic
   359 | D:3      | Noticed Grinder
   360 | D:3      | Paralysed by Grinder for 5 turns
   453 | D:4      | Reached XP level 4. HP: 12/33 MP: 7/7
   537 | D:4      | Reached skill level 5 in Transmutations
   537 | D:4      | Reached XP level 5. HP: 24/38 MP: 8/8
   541 | D:5      | Entered Level 5 of the Dungeon
   960 | D:4      | Found a sparkling altar of Nemelex Xobeh.
   973 | D:5      | Found a staircase to the Ecumenical Temple.
   984 | Temple   | Entered the Ecumenical Temple
  1000 | Temple   | Became a worshipper of Cheibriados the Contemplative
  1045 | D:6      | Reached skill level 5 in Unarmed Combat
  1045 | D:6      | Reached XP level 6. HP: 42/47 MP: 9/9
  1073 | D:6      | Noticed an orc warrior
  1128 | D:5      | Noticed an ice beast
  1152 | D:5      | Found a white marble altar of Elyvilon.
  1179 | D:5      | Found a bloodstained altar of Trog.
  1369 | D:6      | Reached skill level 6 in Unarmed Combat
  1369 | D:6      | Reached XP level 7. HP: 17/54 MP: 10/10
  1404 | D:6      | Learned a level 4 spell: Ice Form
  1489 | D:7      | Reached skill level 1 in Ice Magic
  1525 | D:7      | Noticed a hungry ghost
  1543 | D:7      | Killed a hungry ghost
  1543 | D:7      | Reached * piety under Cheibriados
  1634 | D:8      | Noticed a basilisk
  1643 | D:8      | Reached skill level 7 in Unarmed Combat
  1643 | D:8      | Reached XP level 8. HP: 25/60 MP: 11/11
  1644 | D:8      | Noticed a yak
  1650 | D:8      | Noticed a yak
  1656 | D:8      | Found an ancient bone altar of Kikubaaqudgha.
  1657 | D:8      | Noticed a yak
  1664 | D:8      | Killed a yak
  1664 | D:8      | Reached skill level 8 in Unarmed Combat
  1666 | D:8      | Noticed a yak
  1669 | D:8      | Killed a yak
  1671 | D:8      | Reached skill level 9 in Unarmed Combat
  1677 | D:8      | Killed a yak
  1679 | D:8      | Noticed a yak
  1681 | D:8      | Killed a yak
  1681 | D:8      | Reached skill level 10 in Unarmed Combat
  1686 | D:8      | Slain by a basilisk

Skill      XL: |  1  2  3  4  5  6  7  8 |
---------------+-------------------------+-----
Unarmed Combat | 4 5 6 7 10 | 10.0
Transmutations | 3 4 5 |  5.2
Poison Magic   | 1 |  1.2
Fighting       | 3 4 |  4.2
Ice Magic      | 2 |  2.8
Dodging        | 4 |  4.1
Spellcasting   | |  2.0

Action                   |  1- 3 |  4- 6 |  7- 9 || total
-------------------------+-------+-------+-------++-------
Melee: Unarmed           |    74 |   108 |    63 ||   245
       Headbutt          |     6 |       |       ||     6
 Cast: Beastly Appendage |    10 |       |       ||    10
       Sticks to Snakes  |     3 |     3 |       ||     6
       Spider Form       |     3 |    17 |     6 ||    26
  Use: Scroll            |       |       |     7 ||     7
       Potion            |       |       |     4 ||     4
 Stab: Sleeping          |       |     2 |       ||     2
  Eat: Chunk             |       |     6 |     4 ||    10
Armor: Robe              |     7 |     1 |       ||     8
       Skin              |     1 |     5 |       ||     6
       Leather armour    |       |       |     1 ||     1
Dodge: Dodged            |    76 |    92 |    51 ||   219
